[Event "Titled Tuesday Blitz July 18 Late 2023"]
[White "Schnaider, Ilan"]
[Black "Leenhouts, Koen"]
[WhiteFideId "169013"]
[BlackFideId "1008439"]
[WhiteElo "2649"]
[BlackElo "2517"]
[Result "1-0"]
[Round "7"]
[TimeControl "180+2"]
[Date "2023.07.18"]
[WhiteClock "0:00:08"]
[BlackClock "0:00:00"]
[Board "61"]

1. e4 c5 2. Nf3 e6 3. d4 cxd4 4. Nxd4 Nc6 5. Nc3 Qc7 6. Be2 a6 7. Qd3 Nf6 8. Nxc6 bxc6 9. Qg3 Qxg3 10. hxg3 d5 11. g4 Nxe4 12. Nxe4 dxe4 13. g5 c5 14. Be3 Bb7 15. O-O-O Be7 16. Bg4 Rd8 17. c4 Rxd1+ 18. Rxd1 Bc6 19. Kc2 O-O 20. b3 Re8 21. Bh5 Rc8 22. Be2 f5 23. gxf6 gxf6 24. g4 Rf8 25. a3 Re8 26. Kc3 Rb8 27. Rh1 a5 28. Rh6 a4 29. Bd1 axb3 30. Bxb3 Bf8 31. Rh1 f5 32. gxf5 exf5 33. Rg1+ Kf7 34. Bd1 Bg7+ 35. Kd2 Rb2+ 36. Kc1 Ra2 37. Bxc5 f4 38. Bh5+ Kg8 39. Bd4 e3 40. Rxg7+ Kf8 41. fxe3 fxe3 42. Rf7+ Kg8 43. Bxe3 Be8 44. Rf5 Rxa3 45. Rg5+ Bg6 46. Bxg6 hxg6 47. Rxg6+ Kf7 48. Rg3 Rc3+ 49. Kd2 Rxc4 50. Kd3 Ra4 51. Bd4 Ke6 52. Rg6+ Kf5 53. Rb6 Ra3+ 54. Bc3 Ra8 55. Rf6+ Kg5 56. Ke4 Re8+ 57. Be5 Ra8 58. Rf7 Ra4+ 59. Bd4 Rb4 60. Rg7+ Kh6 61. Rd7 Ra4 62. Kf5 Ra2 63. Be3+ 1-0


[Site "https://www.chess.com"]

[Event "Titled Tuesday Blitz July 18 Late 2023"]
[White "Berezin, Viktor"]
[Black "Mendez Fortes, Eduardo Jesus"]
[WhiteFideId "14107872"]
[BlackFideId "3502376"]
[WhiteElo "2517"]
[BlackElo "2636"]
[Result "0-1"]
[Round "7"]
[TimeControl "180+2"]
[Date "2023.07.18"]
[WhiteClock "0:00:00"]
[BlackClock "0:00:08"]
[Board "62"]

1. d4 Nf6 2. Nf3 d5 3. c4 e6 4. g3 dxc4 5. Qa4+ Nbd7 6. Qxc4 a6 7. Bg2 b5 8. Qc2 Bb7 9. O-O c5 10. dxc5 Nxc5 11. Rd1 Qc8 12. b3 Be7 13. Bb2 O-O 14. Nbd2 Rd8 15. Rac1 Rd7 16. Be5 Qd8 17. Ng5 h6 18. Bxf6 Bxf6 19. Qh7+ Kf8 20. Bxb7 Nxb7 21. Nge4 Be5 22. Rc2 f5 23. Rdc1 fxe4 24. Nxe4 Kf7 25. Rc6 Qh8 26. Qxh8 Rxh8 27. Rxa6 Rhd8 28. Rcc6 Re7 29. Kg2 Rdd7 30. a4 bxa4 31. bxa4 Nd8 32. Rcb6 Bc7 33. Rb4 e5 34. Nc5 Rd5 35. Ne4 Ne6 36. Rc6 Ba5 0-1


[Site "https://www.chess.com"]

[Event "Titled Tuesday Blitz July 18 Late 2023"]
[White "CatLivesMatter"]
[Black "Leon Oquendo, Jorge"]
[BlackFideId "3514803"]
[WhiteElo "2501"]
[BlackElo "2628"]
[Result "1/2-1/2"]
[Round "7"]
[TimeControl "180+2"]
[Date "2023.07.18"]
[WhiteClock "0:00:17"]
[BlackClock "0:00:04"]
[Board "63"]

1. e4 c5 2. Nc3 a6 3. Nf3 b5 4. d4 cxd4 5. Nxd4 Bb7 6. Bd3 e6 7. O-O Qc7 8. Re1 Bd6 9. g3 h5 10. e5 Bxe5 11. Ndxb5 axb5 12. Nxb5 Qc6 13. Be4 Qxb5 14. c4 Qb6 15. Bxb7 Qxb7 16. Rxe5 Nc6 17. Re1 h4 18. b3 Nf6 19. Bg5 h3 20. Bxf6 gxf6 21. Qf3 Na5 22. Qxb7 Nxb7 23. b4 Ra3 24. Re3 Ra4 25. Rb3 Kd8 26. c5 Kc7 27. a3 Rha8 28. f3 Nd8 29. Kf2 Nc6 30. b5 Nd4 31. b6+ Kc6 32. Rd3 Kxc5 33. b7 Rb8 34. Rb1 d5 35. g4 Nc6 36. Kg3 Kd6 37. Kxh3 Kc7 38. Rdb3 Ra7 39. Kg3 Raxb7 40. Rxb7+ Rxb7 41. Ra1 Kd6 42. h4 d4 43. h5 Rb8 44. a4 Na5 45. Kf4 Kd5 46. h6 Rh8 47. Rb1 Nc6 48. Rb5+ Kd6 49. g5 fxg5+ 50. Kxg5 Rg8+ 51. Kh5 Rg1 52. a5 Rh1+ 53. Kg5 d3 54. Rb3 Ne5 55. f4 Nf3+ 56. Kg4 d2 57. Rd3+ Kc6 58. h7 Rxh7 59. Kxf3 Rh2 60. Ke3 Kb5 61. Rxd2 Rxd2 62. Kxd2 Kxa5 63. Ke3 Kb5 64. Ke4 f6 65. f5 e5 66. Kd5 Kb6 67. Ke6 e4 68. Kxf6 e3 69. Kg7 e2 70. f6 e1=Q 71. f7 Qe5+ 72. Kg8 Qg5+ 73. Kh8 Qf6+ 74. Kg8 Qg6+ 75. Kh8 Qh5+ 76. Kg8 Qd5 77. Kh8 Qd4+ 78. Kg8 Qd5 79. Kh8 Qd6 80. Kg8 Qe6 81. Kh8 Qe7 82. Kg8 Qe6 83. Kh8 Qf6+ 84. Kg8 Qe6 1/2-1/2


[Site "https://www.chess.com"]

[Event "Titled Tuesday Blitz July 18 Late 2023"]
[White "Ovchinnikov, Vsevolod"]
[Black "Kleiman, Jake"]
[WhiteFideId "24176842"]
[BlackFideId "2020041"]
[WhiteElo "2626"]
[BlackElo "2497"]
[Result "1-0"]
[Round "7"]
[TimeControl "180+2"]
[Date "2023.07.18"]
[WhiteClock "0:00:19"]
[BlackClock "0:00:12"]
[Board "64"]

1. d4 Nf6 2. c4 e6 3. g3 Bb4+ 4. Bd2 Bxd2+ 5. Nxd2 O-O 6. Bg2 d6 7. e4 e5 8. Ne2 c5 9. d5 a6 10. a4 a5 11. h3 Na6 12. O-O Nb4 13. f4 Re8 14. b3 b6 15. Kh2 h6 16. Nc3 Ra7 17. f5 Nh7 18. Nf3 Ng5 19. Nh4 Qf6 20. Qd2 Rae7 21. Rf2 Bd7 22. Raf1 Rd8 23. Nd1 Ree8 24. Ne3 Rc8 25. Qe2 Rb8 26. Ng4 Qd8 27. f6 Bxg4 28. Qxg4 g6 29. Nxg6 Kh7 30. Ne7 Nd3 31. Rf5 Rg8 32. Qe2 Nb4 33. h4 Ne6 34. dxe6 fxe6 35. Rh5 Qe8 36. Bh3 Qf7 37. Nxg8 Rxg8 38. g4 Rg6 39. g5 Nc6 40. Rxh6+ Rxh6 41. gxh6 Nd4 42. Qe3 Nc2 43. Qd3 Nd4 44. Qg3 Kxh6 45. Qg5+ Kh7 46. h5 Kh8 47. Rf2 Kh7 48. h6 Kh8 49. Qg7+ Qxg7 50. fxg7+ Kg8 51. Rf8+ Kh7 52. g8=Q+ 1-0


[Site "https://www.chess.com"]

[Event "Titled Tuesday Blitz July 18 Late 2023"]
[White "JERO-8914"]
[Black "Medarde Santiago, Luis Marcos"]
[BlackFideId "2263076"]
[WhiteElo "2495"]
[BlackElo "2610"]
[Result "0-1"]
[Round "7"]
[TimeControl "180+2"]
[Date "2023.07.18"]
[WhiteClock "0:01:54"]
[BlackClock "0:02:08"]
[Board "65"]

1. c4 c6 2. d4 d5 3. Nf3 Nf6 4. Nc3 e6 5. Bg5 dxc4 6. e4 b5 7. e5 h6 8. Bh4 g5 9. Nxg5 hxg5 10. Bxg5 Nbd7 11. exf6 Bb7 12. Be2 Nxf6 13. O-O Be7 14. Bf3 Nd5 15. Bxe7 Qxe7 16. Re1 O-O-O 17. Ne4 Nf4 18. Nc5 Qh4 19. g3 Qxh2+ 20. Kf1 Qh1+ 0-1


[Site "https://www.chess.com"]

[Event "Titled Tuesday Blitz July 18 Late 2023"]
[White "Delorme, Axel"]
[Black "Gaitan, Juan Manuel"]
[WhiteFideId "632023"]
[BlackFideId "121657"]
[WhiteElo "2453"]
[BlackElo "2610"]
[Result "0-1"]
[Round "7"]
[TimeControl "180+2"]
[Date "2023.07.18"]
[WhiteClock "0:00:36"]
[BlackClock "0:01:29"]
[Board "66"]

1. e4 e6 2. d4 d5 3. Nc3 Nf6 4. e5 Nfd7 5. f4 c5 6. Nf3 Nc6 7. Be3 Qb6 8. Na4 Qa5+ 9. c3 b6 10. Bd2 c4 11. b4 Nxb4 12. cxb4 Bxb4 13. Bxb4 Qxb4+ 14. Kf2 b5 15. Nc5 Nxc5 16. dxc5 Qxc5+ 17. Qd4 Qxd4+ 18. Nxd4 Bd7 19. Rb1 Rb8 20. Be2 Ke7 21. Ke3 b4 22. Rb2 Rb6 23. Rhb1 Rhb8 24. Nc2 a5 25. a3 c3 26. Rb3 Ba4 27. axb4 Bxb3 28. Rxb3 axb4 29. Kd4 f6 30. Kc5 fxe5 31. fxe5 R6b7 32. Ba6 Ra7 33. Bd3 Rc7+ 34. Kd4 Rcb7 35. Kc5 g6 36. Rxb4 Rxb4 37. Nxb4 Rf8 38. Nc2 Rf2 39. Ne3 Rd2 40. Kd4 c2 41. Nxc2 Rxg2 42. h3 Rh2 43. Bf1 Rxc2 0-1


[Site "https://www.chess.com"]

[Event "Titled Tuesday Blitz July 18 Late 2023"]
[White "Tarhan, Adar"]
[Black "Silva Lucena, Cristian"]
[WhiteFideId "34544712"]
[BlackFideId "2232588"]
[WhiteElo "2601"]
[BlackElo "2410"]
[Result "0-1"]
[Round "7"]
[TimeControl "180+2"]
[Date "2023.07.18"]
[WhiteClock "0:00:52"]
[BlackClock "0:00:32"]
[Board "67"]

1. d4 Nf6 2. Bg5 d5 3. Nd2 e6 4. e4 dxe4 5. Nxe4 Be7 6. Bxf6 gxf6 7. g3 a6 8. Bg2 f5 9. Nc3 Qd6 10. Nge2 Qb6 11. O-O Qxb2 12. d5 Qa3 13. Rb1 c6 14. dxc6 Nxc6 15. Rb3 Qd6 16. Qa1 O-O 17. Rd1 Qc7 18. Nf4 Bf6 19. Ncd5 exd5 20. Qxf6 Qe5 21. Nxd5 Qxf6 22. Nxf6+ Kg7 23. Nh5+ Kh6 24. Rd6+ Be6 25. Nf4 Rfd8 26. Rxd8 Rxd8 27. h4 Bxb3 28. axb3 Rd2 29. c4 Rb2 30. Bd5 Rxb3 31. Bxf7 Rb1+ 32. Kg2 a5 33. Ne6 Ne5 34. Be8 Nxc4 35. f3 Re1 36. Bf7 Nd6 37. Bg8 Re2+ 38. Kf1 Re3 39. Kf2 Rc3 40. g4 fxg4 41. fxg4 a4 42. g5+ Kh5 43. Bxh7 Kxh4 44. g6 Nf5 45. Nd4 Ng7 46. Bg8 a3 47. Ne6 Nxe6 48. Bxe6 Rg3 49. Bf7 b5 50. Ke2 b4 51. Kd2 b3 52. g7 a2 53. Bg6 Rxg6 0-1


[Site "https://www.chess.com"]

[Event "Titled Tuesday Blitz July 18 Late 2023"]
[White "Djordjevic, Dejan N"]
[Black "Velasco, Santiago"]
[WhiteFideId "913316"]
[BlackFideId "4401328"]
[WhiteElo "2106"]
[BlackElo "2578"]
[Result "1-0"]
[Round "7"]
[TimeControl "180+2"]
[Date "2023.07.18"]
[WhiteClock "0:00:19"]
[BlackClock "0:00:22"]
[Board "68"]

1. e4 e5 2. Nf3 Nc6 3. Bc4 Bc5 4. c3 Nf6 5. d3 d6 6. O-O a6 7. a4 Ba7 8. Re1 h6 9. Nbd2 O-O 10. Nf1 Re8 11. Bb3 Be6 12. Bc2 b5 13. h3 Ne7 14. Ng3 Ng6 15. d4 c6 16. Be3 Qd7 17. Kh2 Qb7 18. axb5 axb5 19. Qd2 Kh7 20. Nf5 Ng8 21. Nxd6 Qb8 22. dxe5 Bxe3 23. Qxe3 Rxa1 24. Rxa1 Nxe5 25. Nxe5 Qxd6 26. f4 f6 27. Rd1 Qc7 28. Nf3 Kh8 29. e5 f5 30. Nd4 Qc8 31. Nxe6 Qxe6 32. Qc5 Ne7 33. Rd6 Qa2 34. Qb4 Ra8 35. Rd7 Nd5 36. Qd6 Qxb2 37. Qg6 Rg8 38. Bxf5 Qxg2+ 39. Kxg2 Nxf4+ 40. Kf3 Nxg6 41. Bxg6 c5 42. e6 b4 43. e7 bxc3 44. Rd8 c2 45. Rxg8+ 1-0


[Site "https://www.chess.com"]

[Event "Titled Tuesday Blitz July 18 Late 2023"]
[White "Adewumi, Tanitoluwa"]
[Black "Willy, Stephen"]
[WhiteFideId "30966396"]
[BlackFideId "30981468"]
[WhiteElo "2646"]
[BlackElo "2408"]
[Result "0-1"]
[Round "7"]
[TimeControl "180+2"]
[Date "2023.07.18"]
[WhiteClock "0:00:00"]
[BlackClock "0:00:19"]
[Board "69"]

1. Nf3 c5 2. g3 d5 3. Bg2 Nf6 4. O-O Nc6 5. b3 e5 6. Bb2 Bd6 7. c4 d4 8. d3 O-O 9. Bc1 e4 10. dxe4 Nxe4 11. Nxd4 Nxd4 12. Bxe4 Qf6 13. Nc3 Bg4 14. Bb2 Rae8 15. Re1 Be5 16. Rc1 h5 17. Nd5 Qd8 18. Qd3 Nxe2+ 19. Rxe2 Bxe2 20. Qxe2 Bxb2 21. Re1 Bd4 22. Qxh5 f5 23. Nf6+ Bxf6 24. Bd5+ Qxd5 25. cxd5 Rxe1+ 26. Kg2 Ree8 27. f4 Bd4 28. Qg6 Re2+ 29. Kh3 Rf6 0-1


[Site "https://www.chess.com"]

[Event "Titled Tuesday Blitz July 18 Late 2023"]
[White "Mujumdar, Sameer"]
[Black "Stoyanov, Tsvetan"]
[WhiteFideId "2029707"]
[BlackFideId "2917173"]
[WhiteElo "2464"]
[BlackElo "2716"]
[Result "0-1"]
[Round "7"]
[TimeControl "180+2"]
[Date "2023.07.18"]
[WhiteClock "0:00:53"]
[BlackClock "0:00:14"]
[Board "70"]

1. d4 d5 2. Nf3 Nf6 3. Bf4 c5 4. e3 Nc6 5. Nbd2 Nh5 6. Bg5 h6 7. Bh4 g5 8. Bg3 g4 9. Ne5 Nxg3 10. Nxc6 bxc6 11. hxg3 Qb6 12. dxc5 Qxb2 13. Rb1 Qc3 14. Rb3 Qxc5 15. Be2 h5 16. c4 Bg7 17. cxd5 Qxd5 18. O-O O-O 19. Bc4 Qe5 20. Qc2 Bf5 21. Bd3 Be6 22. Bc4 Rfd8 23. Bxe6 Qxe6 24. Ne4 Qg6 25. Rb7 Kf8 26. Rc1 a5 27. Qc4 a4 28. Nc5 Qd6 29. Qc2 Qd2 30. Qc4 a3 31. Ne4 Qd5 32. Qc2 Bb2 33. Rxb2 axb2 34. Qxb2 Kg8 35. f3 Rxa2 36. Qb6 gxf3 37. Rc5 Rxg2+ 0-1


[Site "https://www.chess.com"]

[Event "Titled Tuesday Blitz July 18 Late 2023"]
[White "Karttunen, Mika"]
[Black "Michalczak, Thomas"]
[WhiteFideId "502081"]
[BlackFideId "4622634"]
[WhiteElo "2645"]
[BlackElo "2460"]
[Result "1-0"]
[Round "7"]
[TimeControl "180+2"]
[Date "2023.07.18"]
[WhiteClock "0:00:27"]
[BlackClock "0:00:00"]
[Board "71"]

1. d4 Nf6 2. c4 e6 3. g3 d5 4. Nf3 Be7 5. Bg2 O-O 6. O-O dxc4 7. Qc2 b5 8. a4 Bb7 9. axb5 a6 10. Nc3 axb5 11. Rxa8 Bxa8 12. Nxb5 Bd5 13. Nc3 c5 14. Rd1 cxd4 15. Nxd4 Bxg2 16. Nxe6 Qb6 17. Nxf8 Qc6 18. Bf4 Bh3 19. Nd5 Kxf8 20. Bxb8 Bc5 21. Nf4 Bxf2+ 22. Kxf2 Qb6+ 23. Ke1 Qe3 24. Bd6+ Ke8 25. Nxh3 Ne4 26. Bf4 1-0


[Site "https://www.chess.com"]

[Event "Titled Tuesday Blitz July 18 Late 2023"]
[White "Begmuratov, Alisher"]
[Black "WindWhistler11"]
[WhiteFideId "14203367"]
[WhiteElo "2644"]
[BlackElo "2456"]
[Result "1-0"]
[Round "7"]
[TimeControl "180+2"]
[Date "2023.07.18"]
[WhiteClock "0:02:24"]
[BlackClock "0:00:21"]
[Board "72"]

1. Nf3 f5 2. e4 d6 3. Nc3 e5 4. d4 exd4 5. Qxd4 Nc6 6. Bb5 Bd7 7. Bxc6 bxc6 8. Bg5 Nf6 9. e5 dxe5 10. Nxe5 Bd6 11. O-O-O h6 12. Bxf6 Qxf6 13. Rhe1 Kd8 14. Kb1 Rb8 15. Qxa7 Rxb2+ 16. Kxb2 Bxe5 17. Rxe5 Qxe5 18. Qb8+ Ke7 19. Qxh8 1-0


[Site "https://www.chess.com"]

[Event "Titled Tuesday Blitz July 18 Late 2023"]
[White "Reprintsev, Alexander"]
[Black "Omelja, Artem"]
[WhiteFideId "14100541"]
[BlackFideId "14119846"]
[WhiteElo "2450"]
[BlackElo "2643"]
[Result "1-0"]
[Round "7"]
[TimeControl "180+2"]
[Date "2023.07.18"]
[WhiteClock "0:00:19"]
[BlackClock "0:00:04"]
[Board "73"]

1. e4 c5 2. b3 e5 3. Bb2 Nc6 4. f4 d6 5. Bb5 Bd7 6. Qf3 Nf6 7. Ne2 Nd4 8. Bxd7+ Qxd7 9. Nxd4 cxd4 10. c3 dxc3 11. Nxc3 Be7 12. O-O-O O-O 13. d4 Qc7 14. Kb1 Rfe8 15. Rc1 Qa5 16. dxe5 dxe5 17. fxe5 Nd7 18. Nd5 Ba3 19. Bxa3 Qxa3 20. Nc7 Nxe5 21. Qe2 Nc6 22. Nxa8 Rxa8 23. Rhd1 Qe7 24. Rd5 Re8 25. Rcd1 g6 26. Rd7 Qb4 27. Qc4 Qxc4 28. bxc4 Rxe4 29. Rxb7 Rxc4 30. Rdd7 Rf4 31. Rdc7 Ne5 32. Rxa7 Ng4 33. h3 Ne3 34. g3 Rf2 35. a4 Nd5 36. Rc8+ Kg7 37. a5 Rf6 38. Rd7 Nb4 39. Rb7 Nd5 40. Rc5 Ne3 41. Rb6 Rf1+ 42. Ka2 Rf2+ 43. Kb3 Rf3 44. Ka4 Rxg3 45. a6 Rg1 46. Rb3 Nf5 47. a7 Nd4 48. a8=Q Nxb3 49. Kxb3 Rg3+ 50. Kc4 Rxh3 51. Qa1+ Kh6 52. Qf1 Rh4+ 53. Kb5 f5 54. Qc1+ Kh5 55. Rc7 h6 56. Rh7 g5 57. Qd1+ Rg4 58. Qd6 Kh4 59. Qxh6+ Kg3 60. Qh2+ Kf3 61. Rh3+ Ke4 62. Qe2+ Kd4 63. Rd3# 1-0


[Site "https://www.chess.com"]

[Event "Titled Tuesday Blitz July 18 Late 2023"]
[White "Deviprasath, Sharvesh"]
[Black "brm72"]
[WhiteFideId "30938228"]
[WhiteElo "2448"]
[BlackElo "2576"]
[Result "0-1"]
[Round "7"]
[TimeControl "180+2"]
[Date "2023.07.18"]
[WhiteClock "0:00:29"]
[BlackClock "0:00:56"]
[Board "74"]

1. Nf3 c5 2. b3 Nc6 3. Bb2 Nf6 4. e3 d5 5. Bb5 Bd7 6. O-O e6 7. d3 Bd6 8. Bxc6 Bxc6 9. Ne5 Qc7 10. f4 O-O-O 11. Nd2 Kb8 12. a4 Ne8 13. a5 f6 14. Nxc6+ Qxc6 15. a6 b6 16. e4 Nc7 17. Qf3 Rhe8 18. g3 e5 19. f5 d4 20. Qh5 Rh8 21. Nc4 Qe8 22. Qf3 Be7 23. Bc1 g5 24. Bd2 h5 25. Rfb1 g4 26. Qe2 h4 27. gxh4 Rxh4 28. Be1 Rh3 29. Qxg4 Qh8 30. Bg3 Rg8 31. Qf3 Rxh2 32. Kf1 Qh3+ 33. Ke1 Rxg3 34. Qxg3 Qxg3+ 0-1


[Site "https://www.chess.com"]

[Event "Titled Tuesday Blitz July 18 Late 2023"]
[White "Pein, Jonathan"]
[Black "Golubev, Mikhail"]
[WhiteFideId "417092"]
[BlackFideId "14100983"]
[WhiteElo "2448"]
[BlackElo "2571"]
[Result "0-1"]
[Round "7"]
[TimeControl "180+2"]
[Date "2023.07.18"]
[WhiteClock "0:01:16"]
[BlackClock "0:00:15"]
[Board "75"]

1. Nf3 d6 2. e4 c5 3. c3 Nf6 4. h3 g6 5. Bd3 Bg7 6. Bc2 O-O 7. O-O b5 8. d4 Bb7 9. Re1 Nc6 10. a3 e5 11. Be3 d5 12. Nxe5 Nxe5 13. dxe5 Nxe4 14. Bxe4 dxe4 15. Bxc5 Qxd1 16. Rxd1 Rfd8 17. Nd2 Bxe5 18. Nb3 Bd5 19. Nd4 a6 20. a4 bxa4 21. Rxa4 Bb3 22. Rda1 Bxa4 23. Rxa4 a5 24. Kf1 Bxd4 25. Bxd4 Rdb8 26. c4 Rb4 27. Rxb4 axb4 28. Ke2 f5 29. g4 Kf7 30. Kd2 Ke6 31. Kc2 f4 32. Kb3 Rd8 33. Bc5 e3 34. fxe3 fxe3 35. Kxb4 e2 36. Bf2 Rd1 37. Kc5 e1=Q 38. Bxe1 Rxe1 39. b4 Kd7 40. Kb6 Re4 41. Kb5 Kc7 42. Kc5 g5 43. b5 Re3 44. b6+ Kb7 45. Kb5 Re5+ 46. c5 Rd5 47. Kc4 Kc6 48. Kb4 Rxc5 49. b7 Rb5+ 50. Kc4 Rxb7 51. Kd4 Re7 52. h4 h6 53. hxg5 hxg5 54. Kd3 Rf7 55. Kd4 Rf4+ 56. Ke3 Rxg4 57. Ke2 Rf4 58. Ke3 Kd6 59. Ke2 Ke5 60. Ke3 Kf5 61. Ke2 g4 62. Ke3 g3 63. Ke2 g2 64. Ke3 g1=Q+ 65. Kd2 Qg3 66. Ke2 Rf2+ 67. Kd1 Qg1# 0-1


[Site "https://www.chess.com"]

[Event "Titled Tuesday Blitz July 18 Late 2023"]
[White "Disconzi da Silva, Rodrigo"]
[Black "Grebeniuk, Semen"]
[WhiteFideId "2100991"]
[BlackFideId "14117509"]
[WhiteElo "2440"]
[BlackElo "2568"]
[Result "1-0"]
[Round "7"]
[TimeControl "180+2"]
[Date "2023.07.18"]
[WhiteClock "0:00:33"]
[BlackClock "0:00:00"]
[Board "77"]

1. d4 f5 2. h3 b6 3. g4 Bb7 4. d5 Nf6 5. Nc3 e6 6. Bg2 Bb4 7. Bg5 h6 8. Bxf6 Qxf6 9. Qd3 Na6 10. gxf5 Nc5 11. Qc4 Bxc3+ 12. Qxc3 Qxc3+ 13. bxc3 exf5 14. e3 O-O-O 15. Ne2 g5 16. Nd4 Rhf8 17. O-O-O Rde8 18. h4 g4 19. Ne2 Na4 20. Rd4 Nc5 21. Rf4 Re5 22. Rd1 Ba6 23. Ng3 Bb7 24. c4 Kd8 25. Bf1 Ke7 26. Bd3 Ne4 27. Bxe4 fxe4 28. Rxe4 Kd6 29. Rdd4 Rxf2 30. Rxg4 Rh2 31. Rg6+ Kc5 32. Ne4+ Kb4 33. Kb2 Rxh4 34. a3+ Ka5 35. Nd2 Rxd4 36. exd4 Rh5 37. Rg7 b5 38. Rxd7 bxc4 39. Nxc4+ Kb5 40. Rxc7 Bxd5 41. Rc5+ Ka6 42. Ne3 Bf3 43. Rxh5 Bxh5 44. Nf5 Kb5 45. Kc3 1-0


[Site "https://www.chess.com"]

[Event "Titled Tuesday Blitz July 18 Late 2023"]
[White "Ambartsumova, Karina"]
[Black "NLLO777"]
[WhiteFideId "4166299"]
[WhiteElo "2568"]
[BlackElo "2442"]
[Result "0-1"]
[Round "7"]
[TimeControl "180+2"]
[Date "2023.07.18"]
[WhiteClock "0:00:01"]
[BlackClock "0:00:11"]
[Board "78"]

1. d4 Nf6 2. c4 c5 3. d5 b5 4. cxb5 a6 5. b6 d6 6. Nc3 g6 7. Nf3 Bg7 8. Nd2 Nbd7 9. e4 O-O 10. Be2 Nxb6 11. O-O e6 12. dxe6 Bxe6 13. f4 Re8 14. Bf3 Rb8 15. Re1 Qc7 16. Nf1 Rbd8 17. Ne3 Nc4 18. f5 Nxe3 19. Bxe3 Bc4 20. Qd2 Qb8 21. Rad1 Bb5 22. Bg5 Bc6 23. Qf4 Qxb2 24. Rc1 Nd7 25. Bxd8 Bxc3 26. Re2 Qa3 27. Bg5 Ne5 28. Rf1 Bd4+ 29. Kh1 Nxf3 30. Qxf3 Qxf3 31. Rxf3 Bxe4 32. Rb3 gxf5 33. Bh6 f6 34. Rb7 c4 35. Rc7 c3 36. h4 Be5 37. Kg1 d5 38. Rg7+ Kh8 39. Ra7 d4 40. Kf2 d3 41. Re1 d2 42. Rf1 Bd4+ 43. Kg3 Bxa7 0-1


[Site "https://www.chess.com"]

[Event "Titled Tuesday Blitz July 18 Late 2023"]
[White "Herman, Daniel"]
[Black "Voege, Tobias"]
[WhiteFideId "30935008"]
[BlackFideId "1270513"]
[WhiteElo "2433"]
[BlackElo "2563"]
[Result "0-1"]
[Round "7"]
[TimeControl "180+2"]
[Date "2023.07.18"]
[WhiteClock "0:00:36"]
[BlackClock "0:00:57"]
[Board "79"]

1. Nf3 d5 2. c4 c6 3. d4 Nf6 4. Nc3 a6 5. e3 b5 6. c5 a5 7. Bd3 Bg4 8. O-O Nbd7 9. e4 dxe4 10. Nxe4 Qc7 11. h3 Bh5 12. Ng3 Bg6 13. Bxg6 hxg6 14. Bg5 Nd5 15. Qd2 f6 16. Be3 g5 17. Bxg5 fxg5 18. Nxg5 Qf4 19. Qxf4 Nxf4 20. Rae1 g6 21. N3e4 Bg7 22. Nd6+ Kf8 23. Ndf7 Rh5 24. g4 Nxh3+ 25. Nxh3 Rxh3 26. Ng5 Rh4 27. Ne6+ Kf7 28. Nxg7 Rxg4+ 29. Kh2 Rh8+ 30. Nh5 Rxh5# 0-1


[Site "https://www.chess.com"]

[Event "Titled Tuesday Blitz July 18 Late 2023"]
[White "Musovic, Armin"]
[Black "Kovacsy, Barnabas"]
[WhiteFideId "939935"]
[BlackFideId "769290"]
[WhiteElo "2545"]
[BlackElo "2432"]
[Result "1-0"]
[Round "7"]
[TimeControl "180+2"]
[Date "2023.07.18"]
[WhiteClock "0:00:51"]
[BlackClock "0:00:02"]
[Board "80"]

1. e4 c5 2. c3 d5 3. exd5 Qxd5 4. Na3 Nf6 5. h3 e6 6. Nf3 Nc6 7. Bc4 Qd8 8. O-O a6 9. Re1 b5 10. Bf1 Bb7 11. Nc2 Be7 12. a4 bxa4 13. Rxa4 O-O 14. d4 cxd4 15. Ncxd4 Nxd4 16. Rxd4 Qb6 17. Qc2 Rad8 18. Rh4 g6 19. Ng5 h5 20. Be3 Qc7 21. Rc4 Qd7 22. Bb6 Nd5 23. Bxd8 Bxd8 24. Nxe6 fxe6 25. Qxg6+ Qg7 26. Qxg7+ Kxg7 27. Rxe6 Bf6 28. Rc5 Rf7 29. Bxa6 Nf4 30. Rb6 Ba8 31. Bf1 Be7 32. Rc7 Kh7 33. Rb8 Rg7 34. Rxe7 Rxe7 35. Rxa8 Rg7 36. g3 Nd5 37. Bd3+ Kh6 38. h4 1-0


[Site "https://www.chess.com"]

[Event "Titled Tuesday Blitz July 18 Late 2023"]
[White "Goffredo_Fofi"]
[Black "Arnold, Ken"]
[BlackFideId "2056836"]
[WhiteElo "2528"]
[BlackElo "2431"]
[Result "1/2-1/2"]
[Round "7"]
[TimeControl "180+2"]
[Date "2023.07.18"]
[WhiteClock "0:00:08"]
[BlackClock "0:00:15"]
[Board "81"]

1. d4 Nf6 2. c3 e6 3. Bg5 d5 4. Nd2 Be7 5. e3 Nbd7 6. Bd3 h6 7. Bh4 e5 8. Bf5 e4 9. Ne2 g6 10. Bxf6 Nxf6 11. Bxc8 Rxc8 12. c4 c5 13. Qa4+ Rc6 14. cxd5 Qxd5 15. Nc3 Qg5 16. Ndxe4 Nxe4 17. Nxe4 Qxg2 18. Ng3 cxd4 19. Qxd4 Bf6 20. Qe4+ Qxe4 21. Nxe4 Bxb2 22. Rb1 b6 23. O-O Bg7 24. Rb4 O-O 25. Ra4 Re8 26. Rd1 b5 27. Rxa7 Rxe4 28. Rd8+ Kh7 29. Rxf7 g5 30. Rb8 b4 31. Rfb7 Rc2 32. Rxb4 Rxb4 33. Rxb4 Rxa2 34. h4 Kg6 35. hxg5 hxg5 36. Kg2 Kf5 37. Rb5+ Be5 38. Kf1 g4 39. Rb4 Rb2 40. Rc4 Rd2 41. Ke1 Ra2 42. Kf1 Rb2 43. Ke1 Rb1+ 44. Ke2 Rh1 45. Ra4 Rh2 46. Kf1 Bf6 47. Ra2 Bh4 48. Kg1 Rh3 49. Kg2 Rf3 50. Rc2 Ke4 51. Rc4+ Kd3 52. Rxg4 Rxf2+ 53. Kh3 Bf6 54. Rg6 Be5 55. Re6 Ke4 56. Re8 Kf3 57. Rf8+ Kxe3 58. Rxf2 Kxf2 1/2-1/2


[Site "https://www.chess.com"]

[Event "Titled Tuesday Blitz July 18 Late 2023"]
[White "Poltorak, Sebastian"]
[Black "Rios Escobar, Adan"]
[WhiteFideId "1199498"]
[BlackFideId "3403645"]
[WhiteElo "2526"]
[BlackElo "2429"]
[Result "1-0"]
[Round "7"]
[TimeControl "180+2"]
[Date "2023.07.18"]
[WhiteClock "0:00:06"]
[BlackClock "0:00:03"]
[Board "82"]

1. e4 c5 2. Nf3 d6 3. c3 Nf6 4. Be2 g6 5. O-O Bg7 6. Bb5+ Nbd7 7. Re1 O-O 8. d4 a6 9. Bf1 e5 10. h3 b5 11. Nbd2 cxd4 12. cxd4 exd4 13. Nxd4 Bb7 14. f3 Qb6 15. Nb3 Ne5 16. Be3 Nc4 17. Bxc4 bxc4 18. Nd2 Nd5 19. exd5 Bxd4 20. Nxc4 Bxe3+ 21. Rxe3 Qc5 22. Qd3 Bxd5 23. b3 Bxc4 24. bxc4 Rfe8 25. Re1 Rac8 26. Kh2 Rxe3 27. Rxe3 Qxc4 28. Qxd6 Qxa2 29. Qd4 Qc2 30. Re7 Qc6 31. h4 h5 32. Rd7 a5 33. Rd6 Qc7 34. Kh3 Re8 35. Rd7 Qc8 36. Kh2 Qb8+ 37. f4 Qc8 38. Qd5 Qb8 39. Qxf7+ Kh8 40. Qg7# 1-0


[Site "https://www.chess.com"]

[Event "Titled Tuesday Blitz July 18 Late 2023"]
[White "Ai, Evan"]
[Black "Santos Flores, Alberto"]
[WhiteFideId "2094770"]
[BlackFideId "3601234"]
[WhiteElo "2426"]
[BlackElo "2526"]
[Result "0-1"]
[Round "7"]
[TimeControl "180+2"]
[Date "2023.07.18"]
[WhiteClock "0:01:32"]
[BlackClock "0:01:09"]
[Board "83"]

1. d4 d5 2. c4 c6 3. cxd5 cxd5 4. Nc3 Nf6 5. Bf4 Nc6 6. e3 Bf5 7. Nf3 e6 8. Bb5 Rc8 9. O-O Be7 10. Ne5 O-O 11. Nxc6 bxc6 12. Ba6 Qb6 13. Bxc8 Rxc8 14. Na4 Qb4 15. Rc1 Ne4 16. a3 Qb5 17. f3 Nf6 18. b4 a5 19. Nc3 Qb6 20. b5 cxb5 21. Nxd5 exd5 22. Rxc8+ Bxc8 23. Qc2 Be6 24. Bc7 Qa7 25. a4 b4 26. Qc6 Bd7 27. Qb6 Qxb6 28. Bxb6 Bxa4 29. Bxa5 Bc2 30. Ra1 g5 31. Kf2 Nd7 32. Ke1 b3 33. Bc3 Nb6 34. Ra7 Bb4 35. Kd2 Nc4+ 0-1


[Site "https://www.chess.com"]

[Event "Titled Tuesday Blitz July 18 Late 2023"]
[White "Rangel, Daniel"]
[Black "Jorajuria Mendoza, Algol"]
[WhiteFideId "2124475"]
[BlackFideId "5128897"]
[WhiteElo "2524"]
[BlackElo "2421"]
[Result "1-0"]
[Round "7"]
[TimeControl "180+2"]
[Date "2023.07.18"]
[WhiteClock "0:01:07"]
[BlackClock "0:00:05"]
[Board "84"]

1. d4 Nf6 2. c4 e6 3. Nc3 d5 4. cxd5 exd5 5. Bg5 c6 6. e3 h6 7. Bh4 Bd6 8. Bd3 Be6 9. Qc2 Nbd7 10. Nge2 Qe7 11. Bg3 g6 12. Nf4 Nf8 13. O-O-O O-O-O 14. Rhe1 Qc7 15. Kb1 h5 16. Rc1 a6 17. Na4 h4 18. Nxe6 Nxe6 19. Bxd6 Qxd6 20. Qb3 Qc7 21. Bxa6 bxa6 22. Nb6+ 1-0


[Site "https://www.chess.com"]